 Dungeon Crawl Stone Soup version 0.21-a0-84-g85d6d27 (webtiles) character file.

40 qandnotyew the Grave Robber (level 3, -1/24 HPs)
             Began as a Demonspawn Necromancer on July 6, 2017.
             Slain by a goblin
             ... wielding a +0 club
              (3 damage)
             ... on level 1 of the Dungeon.
             The game lasted 00:02:13 (940 turns).

qandnotyew the Grave Robber (Demonspawn Necromancer) Turns: 940, Time: 00:02:13

Health: -1/24      AC:  2    Str:  8    XL:     3   Next: 30%
Magic:  1/6        EV: 12    Int: 17    God:
Gold:   2          SH:  0    Dex: 13    Spells: 6/7 levels left

rFire    . . .     SeeInvis .   e - +0 hand axe
rCold    . . .     Gourm    .   (no shield)
rNeg     . . .     Faith    .   a - +0 robe
rPois    .         Spirit   .   (no helmet)
rElec    .         Reflect  .   j - scarf {repulsion}
rCorr    .         Harm     .   (no gloves)
MR       .....                  (no boots)
Stlth    ++........             (no amulet)
HPRegen  0.08/turn              (no ring)
MPRegen  0.10/turn              (no ring)

@: very slightly contaminated, repel missiles
A: hooves 1
a: no special abilities


You were on level 1 of the Dungeon.
You were not hungry.

You visited 1 branch of the dungeon, and saw 1 of its levels.

You collected 2 gold pieces.

Inventory:

Hand Weapons
 e - a +0 hand axe (weapon)
Armour
 a - a +0 robe (worn)
 i - a +0 buckler
 j - a scarf of repulsion (worn)
Scrolls
 d - 2 scrolls of teleportation {unknown}
 k - a scroll of identify {unknown}
 l - a scroll of fog {unknown}
 m - a scroll of blinking {unknown}
Potions
 g - a potion of invisibility {unknown}
Books
 b - a book of Necromancy

   Spells                             Type                      Level
   a - Pain                           Necromancy                   1
   b - Animate Skeleton               Necromancy                   1
   c - Vampiric Draining              Necromancy                   3
   d - Regeneration                   Charms/Necromancy            3
   e - Animate Dead                   Necromancy                   4
   f - Control Undead                 Necromancy                   4
Comestibles
 c - a bread ration
 f - 2 chunks of flesh
 h - 2 fruits


   Skills:
 - Level 1.7 Dodging
 - Level 1.7 Stealth
 + Level 2.5 Spellcasting
 * Level 5.3 Necromancy


You had 6 spell levels left.
You knew the following spells:

 Your Spells              Type           Power        Failure   Level  Hunger
a - Pain                  Necr           ###.         1%          1    #......


Dungeon Overview and Level Annotations

Branches:
Dungeon (1/15)

Altars:


Innate Abilities, Weirdness & Mutations

You have large cloven feet.


Message History

Aiming: Pain
Press: ? - help, Shift-Dir - straight line, f - hobgoblin
Aim: a hobgoblin (chance to defeat MR: 90%)
The hobgoblin barely resists.
The hobgoblin hits you.
* * * LOW HITPOINT WARNING * * *
Casting: Pain
Confirm with . or Enter, or press ? or * to list all spells.
Aiming: Pain
Press: ? - help, Shift-Dir - straight line, f/p - hobgoblin
Aim: a hobgoblin (chance to defeat MR: 90%)
The hobgoblin writhes in agony!
The hobgoblin completely misses you.
Casting: Pain
Confirm with . or Enter, or press ? or * to list all spells.
Aiming: Pain
Press: ? - help, Shift-Dir - straight line, f/p - hobgoblin
Aim: a hobgoblin (heavily wounded, chance to defeat MR: 90%)
The hobgoblin writhes in agony!
You kill the hobgoblin!
The goblin hits you with a club.
You die...

.......)...#
#####.####)###############
#.# #...............# #
#.# #.#########.#.#.#.#
#.# #.# ......... #.# #.#
##.......# ..# #.#
#.†....... ##
#.#########....>..#
#.##...@g.......$..
#.##.######.......#
#♣#######.##.# .........
..........##.# #.#.#.#.#
♣#####.####.# ####### #
♣..♣##.# ♣♣.♣.♣#.#
♣♣P♣..♣♣.# ♣.P..P♣♣.#


You could see a goblin.

Vanquished Creatures
  2 gnolls (D:1)
  A dart slug (D:1)
  A leopard gecko (D:1)
  A giant cockroach (D:1)
  5 hobgoblins (D:1)
  5 bats (D:1)
  A goblin (D:1)
  3 rats (D:1)
19 creatures vanquished.

Notes
Turn   | Place    | Note
-------+----------+-------------------------------------------
     0 | D:1      | qandnotyew the Demonspawn Necromancer began the quest for the Orb.
     0 | D:1      | Reached XP level 1. HP: 13/13 MP: 3/3
   159 | D:1      | Gained mutation: You have large cloven feet. [demonic ancestry]
   159 | D:1      | Reached XP level 2. HP: 9/19 MP: 0/5
   686 | D:1      | Reached skill level 5 in Necromancy
   687 | D:1      | Reached XP level 3. HP: 22/24 MP: 2/6
   940 | D:1      | Slain by a goblin

Vault maps used:
D:1:      minmay_arrival_up_and_down, serial_forest,
          infiniplex_forest_end_double, infiniplex_forest_lined_1,
          infiniplex_forest_corner_1, infiniplex_forest_clump_long,
          infiniplex_forest_lined_4_way, infiniplex_forest_end_2,
          minmay_misc_feat_four_crosses, st_stairs_4

Skill      XL: |  1  2 |
---------------+-------+-----
Necromancy     | 5 |  5.3
Dodging        | |  1.7
Stealth        | |  1.7
Spellcasting   | |  2.5

Action                   || total
-------------------------++-------
Melee: Hand axe          ||    21
       Unarmed           ||     3
       Kick              ||     2
 Cast: Pain              ||    30
 Stab: Sleeping          ||     1
Armor: Robe              ||     8
Dodge: Dodged            ||    27
